 Dungeon Crawl Stone Soup version 0.26.1-2-gb8aa6d0cf2 (webtiles) character file.

Game seed: 2677118949109053270

12014 DarkShadow the Cleaver (level 11, -5/99 HPs)
             Began as a Minotaur Fighter on Mar 24, 2021.
             Was an Initiate of Gozag.
             Slain by a five-headed hydra (13 damage)
             ... on level 11 of the Dungeon.
             The game lasted 00:38:28 (12979 turns).

DarkShadow the Cleaver (Minotaur Fighter)          Turns: 12979, Time: 00:38:30

Health: -5/99      AC: 16    Str: 21    XL:     11   Next: 56%
Magic:  10/10      EV: 13    Int:  5    God:    Gozag
Gold:   1905       SH: 12    Dex: 13    Spells: 10/10 levels left

rFire    . . .     SeeInvis .   a - +1 war axe (vamp)
rCold    . . .     Faith    +   c - +0 kite shield
rNeg     . . .     Spirit   .   h - +5 ring mail {rPois}
rPois    +         Reflect  .   (helmet restricted)
rElec    .         Harm     .   m - +2 cloak {rPois}
rCorr    .         Rampage  .   k - +0 pair of gloves
Will     +....                  (no boots)
Stlth    +.........             l - amulet of faith
HPRegen  0.26/turn              A - ring of willpower
MPRegen  0.12/turn              (no ring)

@: lethally poisoned (-5 -> -11)
A: retaliatory headbutt, horns 2
a: Renounce Religion, Potion Petition, Call Merchant, Bribe Branch


You were on level 11 of the Dungeon.
You worshipped Gozag.
Gozag was most pleased with you.
You visited 1 branch of the dungeon, and saw 11 of its levels.

You collected 2353 gold pieces.
You spent 350 gold pieces at shops.
You paid 98 gold pieces to Gozag.

Inventory:

Hand Weapons
 a - a +1 vampiric war axe (weapon)
 t - a +0 vorpal war axe
Armour
 b - a +0 scale mail
 c - a +0 kite shield (worn)
 f - a +0 pair of gloves
 h - a +5 ring mail of poison resistance (worn)
 i - a cursed +0 scale mail
 k - a +0 pair of gloves (worn)
 m - a +2 cloak of poison resistance (worn)
 x - a +3 ring mail
 C - a scarf of shadows
Jewellery
 l - an amulet of faith (around neck)
 A - a ring of willpower (left hand)
 D - a +4 ring of protection
 G - an uncursed ring of magical power {unknown}
Wands
 u - a wand of acid (18)
 v - a wand of digging (7)
 y - a wand of enslavement (10)
 z - a wand of flame (38)
 B - a wand of polymorph (10)
 E - a wand of iceblast (10)
 F - a wand of paralysis (8)
Scrolls
 e - 2 scrolls of magic mapping
 w - 2 scrolls of remove curse
 I - a scroll of teleportation
Potions
 d - a potion of might
 g - a potion of magic
 j - a potion of attraction
 n - a potion of heal wounds {unknown}
 o - 2 potions of haste {unknown}
 p - 2 potions of ambrosia
 q - a potion of brilliance {unknown}
 r - 2 potions of lignification
 s - 2 potions of flight
 H - a potion of berserk rage {unknown}


   Skills:
 + Level 9.8 Fighting
 + Level 14.1 Axes
 + Level 9.0 Armour
 + Level 5.8 Dodging
 + Level 2.6 Stealth
 + Level 9.4 Shields


You had 10 spell levels left.
You didn't know any spells.
Your spell library contained the following spells:

 Spells                   Type           Power        Failure   Level
 Animate Skeleton         Necr           0%           86%         1
 Pain                     Necr           0%           86%         1
 Vampiric Draining        Necr           0%           99%         3
 Animate Dead             Necr           0%           100%        4
 Agony                    Necr           0%           100%        5


Dungeon Overview and Level Annotations

Branches:
Dungeon (11/15)            Temple (0/1) D:5            Lair (0/6) D:9
    Orc (0/2) D:10

Altars:
Ashenzari
Cheibriados
Fedhas
Gozag
Hepliaklqana
Kikubaaqudgha
Nemelex Xobeh
Qazlal
Sif Muna
Trog
Uskayaw
Vehumet
Wu Jian
Xom
Zin

Shops:
D:7 (?   D:8 *

Portals:
Ice
Cave: D:11


Innate Abilities, Weirdness & Mutations

You reflexively headbutt those who attack you in melee.
You have a pair of horns on your head.


Message History

You feel sick.
The five-headed hydra barely misses you.
You furiously retaliate!
You headbutt the five-headed hydra.
You block the five-headed hydra's attack.
The five-headed hydra bites you but does no damage.
The five-headed hydra bites you.
* * * LOW HITPOINT WARNING * * *
You block the five-headed hydra's attack.
You feel sick.
You feel sick.
You feel sick.
You feel sick.
You feel sick. The five-headed hydra bites you!
* * * LOW HITPOINT WARNING * * *
The five-headed hydra misses you.
The five-headed hydra completely misses you.
You block the five-headed hydra's attack.
The five-headed hydra bites you!
You die...
Your body crumbles into a pile of gold.

.. ...... ... ...# #+# ....
#.###.# ..... #)$##.#
###...##.##.#
.......$..#.###############
....!..$#.#..Z............#
.....§..#....oD..###..#...#
.....§..#...#..@.....#.#..#
........#...#.##.#..#.∩.#.#
........##..#.#......#.#..#
.....=..##..#.#...<...#...#
##########..#.#..##.....#.#
$ #.>#.##.#......#.#
#+##....#......#.# ##
##......#.# #.####.#.#


You could see a five-headed hydra, an orc warrior and a hornet zombie.

Vanquished Creatures
  Erolcha (D:10)
  Fannar (D:11)
  A two-headed ogre (D:10)
  An unseen horror (D:10)
  Maurice (D:8)
  A komodo dragon (D:10)
  A hornet (D:10)
  A vampire (D:10)
  3 wyverns (D:9)
  Sigmund (D:5)
  9 yaks
  A wraith (D:7)
  A basilisk (D:9)
  A steam dragon (D:10)
  4 water moccasins
  A black bear (D:10)
  4 sky beasts
  9 orc warriors
  An ice beast (D:8)
  An eye of draining (D:9)
  7 ogres
  A phantom (D:9)
  A necrophage (D:8)
  4 centaurs
  3 big kobolds
  6 bullfrogs
  5 scorpions
  4 killer bees
  13 wights
  An electric eel (D:8)
  3 hounds
  4 jellies
  13 orc wizards
  3 bullfrog skeletons
  11 orc priests
  2 centaur skeletons (D:5)
  2 iguanas
  11 worker ants
  Terence (D:3)
  2 hound skeletons
  Robin (D:4)
  A worker ant zombie (D:6)
  11 adders
  3 shadow imps
  2 ufetubi
  An ooze (D:4)
  An adder skeleton (D:5)
  3 worms
  4 leopard geckos
  64 orcs
  3 giant cockroaches
  15 goblins
  11 hobgoblins
  6 jackals
  22 kobolds
  6 quokkas
  3 ball pythons
  7 bats
  6 frilled lizards
  A leopard gecko zombie (D:6)
  2 quokka skeletons
  6 rats
320 creatures vanquished.

Vanquished Creatures (others)
  A hornet (D:10)
  4 fungi
  18 plants
23 creatures vanquished.

Grand Total: 343 creatures vanquished

Notes
Turn   | Place    | Note
-------+----------+-------------------------------------------
     0 | D:1      | DarkShadow the Minotaur Fighter began the quest for the
                  | Orb.
     0 | D:1      | Reached XP level 1. HP: 19/19 MP: 0/0
   344 | D:1      | Reached XP level 2. HP: 23/27 MP: 1/1
   809 | D:2      | Reached XP level 3. HP: 15/33 MP: 2/2
  1716 | D:2      | Reached XP level 4. HP: 38/40 MP: 3/3
  1752 | D:2      | Reached skill level 3 in Axes
  2213 | D:3      | Reached skill level 1 in Dodging
  2213 | D:3      | Reached XP level 5. HP: 46/46 MP: 4/4
  2221 | D:3      | Reached skill level 5 in Armour
  2677 | D:3      | Noticed Terence
  2698 | D:3      | Killed Terence
  2699 | D:3      | Reached skill level 4 in Axes
  2950 | D:4      | Reached skill level 5 in Shields
  2950 | D:4      | Reached XP level 6. HP: 45/53 MP: 5/5
  3091 | D:4      | Noticed Robin
  3102 | D:4      | Killed Robin
  3323 | D:4      | Reached skill level 5 in Fighting
  3709 | D:5      | Entered Level 5 of the Dungeon
  3733 | D:5      | Reached skill level 5 in Axes
  4059 | D:5      | Reached XP level 7. HP: 57/61 MP: 6/6
  4225 | D:5      | Noticed Sigmund
  4250 | D:5      | Reached skill level 6 in Axes
  4256 | D:5      | Killed Sigmund
  4257 | D:5      | Reached skill level 1 in Stealth
  4532 | D:5      | Reached skill level 7 in Axes
  4537 | D:5      | Found an opulent altar of Gozag.
  4551 | D:5      | Became a worshipper of Gozag Ym Sagoz the Greedy
  4689 | D:5      | Reached XP level 8. HP: 33/70 MP: 7/7
  4872 | D:5      | Found a staircase to the Ecumenical Temple.
  4933 | D:5      | Found a shimmering blue altar of Sif Muna.
  4936 | D:5      | Found a hazy altar of Hepliaklqana.
  4939 | D:5      | Found a radiant altar of Vehumet.
  4942 | D:5      | Found a shimmering altar of Xom.
  5253 | D:5      | Found an ornate altar of the Wu Jian Council.
  5726 | D:6      | Found a snail-covered altar of Cheibriados.
  6192 | D:6      | Reached skill level 8 in Axes
  6493 | D:7      | Reached skill level 9 in Axes
  6662 | D:8      | Reached XP level 9. HP: 40/76 MP: 8/8
  6880 | D:7      | Found Ehoralym's Antique Weapon Emporium.
  6966 | D:7      | Found a sparkling altar of Nemelex Xobeh.
  6973 | D:7      | Found a stormy altar of Qazlal.
  6976 | D:7      | Found a blossoming altar of Fedhas.
  7029 | D:7      | Found Qoubb's Magic Scroll Boutique.
  7034 | D:7      | Bought a scroll of identify for 28 gold pieces
  7034 | D:7      | Bought a scroll of identify for 28 gold pieces
  7034 | D:7      | Bought a scroll of enchant armour for 105 gold pieces
  7034 | D:7      | Bought a scroll of enchant armour for 105 gold pieces
  7034 | D:7      | Bought a scroll of identify for 28 gold pieces
  7034 | D:7      | Bought a scroll of identify for 28 gold pieces
  7095 | D:7      | Reached skill level 10 in Axes
  7141 | D:7      | Found a glowing silver altar of Zin.
  7578 | D:7      | Found a broken altar of Ashenzari.
  7584 | D:7      | Found a snail-covered altar of Cheibriados.
  7587 | D:7      | Found a hide-covered altar of Uskayaw.
  8244 | D:7      | You fall into a shaft and drop 3 floors!
  8244 | D:10     | Entered Level 10 of the Dungeon
  8440 | D:8      | Reached skill level 11 in Axes
  8557 | D:8      | Found Bockegor's General Store.
  8561 | D:8      | Bought a scroll of identify for 28 gold pieces
  8594 | D:8      | Noticed Maurice
  8640 | D:8      | Killed Maurice
  8963 | D:8      | Found an ancient bone altar of Kikubaaqudgha.
  9211 | D:8      | Reached XP level 10. HP: 88/88 MP: 9/9
  9959 | D:9      | Reached skill level 12 in Axes
 10050 | D:9      | Found a staircase to the Lair.
 10164 | D:9      | Found a bloodstained altar of Trog.
 10262 | D:9      | Noticed a two-headed ogre
 10971 | D:10     | Noticed Erolcha
 10979 | D:10     | Paralysed by Erolcha for 3 turns
 10991 | D:10     | Reached skill level 5 in Dodging
 10992 | D:10     | Killed Erolcha
 10993 | D:10     | Reached skill level 13 in Axes
 11202 | D:10     | Paralysed by a hornet for 2 turns
 11235 | D:10     | Found a snail-covered altar of Cheibriados.
 11452 | D:10     | Reached XP level 11. HP: 81/97 MP: 10/10
 11555 | D:10     | Killed a two-headed ogre
 12049 | D:10     | Found a staircase to the Orcish Mines.
 12078 | D:10     | Killed an unseen horror
 12466 | D:10     | Reached skill level 14 in Axes
 12757 | D:11     | Found a frozen archway.
 12909 | D:11     | Found the +2 ratskin cloak {*Rats rPois rN+ Str-1 Int-1
                  | Dex+1}
 12936 | D:11     | Noticed Fannar
 12959 | D:11     | Noticed a five-headed hydra
 12965 | D:11     | Killed Fannar
 12979 | D:11     | Slain by a five-headed hydra

Illustrated notes

Levels and vault maps discovered:
D:1:      ebering_trefoil_twist, layout_loops_ring
D:2:      layout_loops_ring
D:3:      layout_basic, uniq_terence
D:4:      layout_cave_pools, uniq_robin
D:5:      minmay_skewed_foursquare, layout_gridville,
          grunt_temple_overflow_cloverleaf, grunt_gozag_statues,
          marbit_many_paths, uniq_sigmund
D:6:      layout_basic, basic_altar
D:7:      layout_basic, grunt_temple_overflow_forces_of_nature,
          minmay_overflow_temple_star_quad, old_standard_altar, serial_shops,
          kennysheep_little_box, kennysheep_mini_moat,
          nemelex_xobeh_ov_fountains_minmay
D:8:      minmay_clustersquares, layout_loops_cross, kennysheep_mini,
          enter_ossuary_1, serial_shops, shop, minmay_crystal_water,
          uniq_maurice
D:9:      layout_loops_ring, minmay_lair_entry_grove, corexii_checkpoint_b,
          bloody_trog
D:10:     layout_long_grid, hiddenorc2_lemuel, basic_altar,
          chequers_hall_statues_corner_a, uniq_erolcha
D:11:     layout_basic, portal_ice_cave_entry_pillars_2, uniq_snorg, uniq_fannar

Skill      XL: |  1  2  3  4  5  6  7  8  9 10 11 |
---------------+----------------------------------+-----
Armour         | 4 5 6 7 8 9 |  9.0
Shields        | 4 5 6 7 8 9 |  9.4
Fighting       | 4 5 6 7 9 |  9.8
Axes           | 3 4 5 7 9 11 13 14 | 14.1
Dodging        | 1 2 3 4 5 |  5.8
Stealth        | 1 2 |  2.6

Action                   |  1- 3 |  4- 6 |  7- 9 | 10-12 || total
-------------------------+-------+-------+-------+-------++-------
Melee: War axe           |    83 |   151 |   323 |   403 ||   960
       Headbutt          |     7 |    33 |    54 |    87 ||   181
  Use: Scroll            |     6 |     6 |    13 |     3 ||    28
       Potion            |       |       |     1 |     3 ||     4
 Stab: Distracted        |       |       |     1 |     2 ||     3
Armor: Scale mail        |    57 |       |       |       ||    57
       Ring mail         |     2 |    58 |    88 |   120 ||   268
Dodge: Dodged            |    32 |    62 |   108 |   134 ||   336
Block: Kite shield       |    68 |    78 |   160 |   191 ||   497
